 Dungeon Crawl Stone Soup version 0.26.0-16-gc1dbca0489 (webtiles) character file.

Game seed: 2329996262461294415

100 dolemite99 the Chopper (level 4, 0/37 HPs)
             Began as a Hill Orc Warper on Jan 19, 2021.
             Slain by a worker ant (4 damage)
             ... on level 5 of the Dungeon.
             The game lasted 00:03:37 (1844 turns).

dolemite99 the Chopper (Hill Orc Warper)            Turns: 1844, Time: 00:03:37

Health: 0/37       AC:  9    Str: 14    XL:     4   Next: 73%
Magic:  15/15      EV:  6    Int: 13    God:
Gold:   111        SH:  0    Dex: 10    Spells: 6/6 levels left

rFire    . . .     SeeInvis .   a - +0 hand axe
rCold    . . .     Faith    .   (no shield)
rNeg     . . .     Spirit   .   h - +1 chain mail
rPois    .         Reflect  .   (no helmet)
rElec    .         Harm     .   (no cloak)
rCorr    .         Rampage  .   (no gloves)
Will     .....                  (no boots)
Stlth    ..........             (no amulet)
HPRegen  0.12/turn              n - ring of magical power
MPRegen  0.14/turn              (no ring)

@: lethally poisoned (0 -> -5)
A: no striking features
a: no special abilities


You were on level 5 of the Dungeon.
You visited 1 branch of the dungeon, and saw 5 of its levels.

You collected 111 gold pieces.

Inventory:

Hand Weapons
 a - a +0 hand axe (weapon)
 q - a +0 shortbow
Missiles
 e - 5 boomerangs of dispersal (quivered)
 f - 77 stones
 g - 20 arrows
 i - 7 bolts
 k - 25 sling bullets
Armour
 b - a +0 leather armour
 h - a +1 chain mail (worn)
 s - a +0 tower shield
Jewellery
 j - an uncursed amulet of magic regeneration {unknown}
 n - a ring of magical power (left hand)
Scrolls
 c - a scroll of remove curse {@r2}
Potions
 o - a potion of degeneration
 p - a potion of attraction
 r - a potion of brilliance


   Skills:
 - Level 2.4 Fighting
 + Level 6.3 Axes
 - Level 0.8 Throwing
 - Level 1.1 Armour
 - Level 1.5 Dodging
 - Level 1.5 Spellcasting
 - Level 2.4 Translocations


You had 6 spell levels left.
You didn't know any spells.
Your spell library contained the following spells:

 Spells                   Type           Power        Failure   Level
 Blink                    Tloc           N/A          99%         2
 Gell's Gravitas          Tloc           3%           100%        3
 Lesser Beckoning         Tloc           3%           100%        3
 Teleport Other           Tloc           7%           100%        3
 Passage of Golubria      Tloc           N/A          100%        4


Dungeon Overview and Level Annotations

Branches:
Dungeon (5/15)
 Temple: D:4-7

Altars:

Annotations:
D:3 Grinder


Message History

The worker ant completely misses you. The jackal bites you.
* * * LOW HITPOINT WARNING * * *
You hit the worker ant but do no damage.
The worker ant is moderately wounded.
You hit the jackal. The worker ant bites you.
* * * LOW HITPOINT WARNING * * *
The jackal bites you but does no damage.
Okay, then.
You hit the worker ant.
The worker ant is heavily wounded.
You hit the jackal.
You kill the jackal!
* * * LOW HITPOINT WARNING * * *
You feel sick.
The worker ant bites you but does no damage.
You barely miss the worker ant.
The worker ant is heavily wounded.
* * * LOW HITPOINT WARNING * * *
You feel sick. The worker ant bites you.
You die...

#.... #..#
#...####..# .
#....#.?.# ..
#.......#
#..### #......#
#....##....<.#
#..........##
##..B.......#
##..@†.........
#............#
##........####
#.......##
#......##
.......#
##......#
#....>.#


You could see a worker ant.

Vanquished Creatures
  Terence (D:3)
  2 gnolls
  2 adders (D:3)
  A worm (D:3)
  A dart slug (D:1)
  A leopard gecko (D:1)
  An orc (D:3)
  2 giant cockroaches
  6 goblins
  3 hobgoblins (D:3)
  4 jackals (D:5)
  A quokka (D:3)
  A ball python (D:3)
  A bat (D:1)
  4 frilled lizards (D:1)
  5 rats
36 creatures vanquished.

Notes
Turn   | Place    | Note
-------+----------+-------------------------------------------
     0 | D:1      | dolemite99 the Hill Orc Warper began the quest for the Orb.
     0 | D:1      | Reached XP level 1. HP: 18/18 MP: 3/3
    57 | D:1      | Reached skill level 3 in Axes
   239 | D:1      | Reached XP level 2. HP: 25/25 MP: 4/4
   430 | D:1      | Reached skill level 4 in Axes
   583 | D:1      | Reached XP level 3. HP: 25/30 MP: 5/5
  1282 | D:2      | You fall into a shaft and drop 1 floor!
  1296 | D:3      | Reached skill level 5 in Axes
  1317 | D:3      | Noticed Terence
  1341 | D:3      | Killed Terence
  1342 | D:3      | Reached XP level 4. HP: 15/37 MP: 6/6
  1370 | D:3      | Reached skill level 6 in Axes
  1802 | D:3      | Noticed Grinder
  1819 | D:5      | Entered Level 5 of the Dungeon
  1844 | D:5      | Slain by a worker ant

Illustrated notes

Levels and vault maps discovered:
D:1:      minmay_arrival_plants_in_alcoves, layout_loops_corners
D:2:      layout_loops_cross, serial_glass, glass_columns_a, glass_columns_b,
          glass_columns_c, glass_columns_c, glass_columns_b, glass_columns_c,
          mrwooster_statue_mirror
D:3:      layout_loops_cross, nicolae_overflow_hidden_temple,
          minmay_misc_feat_iff, minmay_starry_boxes, uniq_grinder, uniq_terence
D:4:      layout_loops_corners, vehumet_statue, serial_shops, shop
D:5:      layout_layer_cave, amethyst_overflow_temple_binary

Skill      XL: |  1  2  3  4 |
---------------+-------------+-----
Axes           | 3 4 5 6 |  6.3
Fighting       | |  2.4
Throwing       | |  0.8
Armour         | |  1.1
Dodging        | |  1.5
Spellcasting   | |  1.5
Translocations | |  2.4

Action                   |  1- 3 |  4- 6 || total
-------------------------+-------+-------++-------
Melee: Hand axe          |   101 |    69 ||   170
  Use: Scroll            |     4 |     6 ||    10
       Potion            |     1 |       ||     1
Armor: Chain mail        |    43 |    65 ||   108
       Leather armour    |     2 |       ||     2
Dodge: Dodged            |    40 |    41 ||    81
